 Dungeon Crawl Stone Soup version 0.32-a0-42-ga30500b (webtiles) character file.

Game seed: 2203677318906680721

79 Dorkslayer the Trooper (level 4, -2/31 HPs)
             Began as an Octopode Fighter on Jan 29, 2024.
             Slain by Grinder (3 damage)
             ... on level 3 of the Dungeon.
             The game lasted 00:06:22 (1586 turns).

Dorkslayer the Trooper (Octopode Fighter)           Turns: 1586, Time: 00:06:24

Health: -2/31      AC:  1    Str: 14 (17) XL:     4   Next: 37%
Magic:  4/4        EV: 13    Int:  9 (10) God:
Gold:   939        SH:  4    Dex: 10 (11) Spells: 3/3 levels left

rFire   + . .        l - +2 sling of an ossuary {heavy, ^Fragile rElec rPois rF+}
rCold   . . .        a - +0 buckler
rNeg    . . .        (helmet restricted)
rPois   +            (no amulet)
rElec   +            (no ring)
rCorr   .            (no ring)
SInv    .            (no ring)
Will    .....        (no ring)
Stlth   ++           (no ring)
HPRegen 0.25/turn    (no ring)
MPRegen 0.09/turn    (no ring)
                     (no ring)

%: no passive effects
@: mighty, brilliant, attractive
A: almost no armour, amphibious, 8 rings, camouflage 1, gelatinous body 1,
(nimble swimmer 1), tentacles
a: no special abilities


You were on level 3 of the Dungeon.
You visited 1 branch of the dungeon, and saw 3 of its levels.

You collected 939 gold pieces.

Inventory:

Hand Weapons
 i - a +0 mace
 l - the +2 sling of an ossuary (weapon) {heavy, ^Fragile rElec rPois rF+}
   (You found it on level 2 of the Dungeon)

   rF+:       It protects you from fire.
   rElec:     It insulates you from electricity.
   rPois:     It protects you from poison ^Fragile: It will be destroyed if
   unequipped.
Armour
 a - a +0 buckler (worn)
Talismans
 p - a flux talisman
Scrolls
 c - a scroll of teleportation
 d - a scroll of revelation
 h - a scroll of immolation {unknown}
 j - a scroll of blinking {unknown}
 k - a scroll of enchant armour {unknown}
 o - a scroll of identify {unknown}
Potions
 m - a potion of brilliance
 n - a potion of heal wounds {unknown}


   Skills:
 + Level 3.4 Fighting
 * Level 1.5 Ranged Weapons
 + Level 3.2 Dodging
 + Level 1.2 Stealth
 + Level 3.4 Shields
 * Level 2.7 Unarmed Combat
 + Level 0.2 Shapeshifting


You had 3 spell levels left.
You didn't know any spells.
Your spell library was empty.

Dungeon Overview and Level Annotations

Branches:
Dungeon (3/15)

Altars:
Qazlal

Annotations:
D:3 Grinder


Innate Abilities, Weirdness & Mutations

You cannot wear most types of armour.
You are amphibious.
You can wear up to eight rings at the same time.
Your skin changes colour to match your surroundings (Stealth+).
Your rubbery body absorbs attacks. (AC +1, EV +1)
((You are camouflaged when in or above water. (Stealth+)))
You have tentacles for arms and can constrict up to eight enemies at once.


Message History

Grinder is lightly wounded.
The ball python closely misses you. The ball python barely misses you.
Grinder blinks!
The ball python bites you. The ball python barely misses you.
Fire: l) +2 sling of an ossuary {heavy, ^Fragile rElec rPois rF+}
Press: ? - help, Q - select action Shift-Dir - straight line, f/p - Grinder
Aim: Grinder (lightly wounded, 52% to hit)
You shoot a sling bullet. The sling bullet hits the ball python!
You kill the ball python!
Unknown command.
You shoot a sling bullet.
The sling bullet closely misses Grinder.
The sling bullet hits the kobold!
You kill the kobold!
Grinder closely misses you. Grinder misses you.
You shoot a sling bullet. The sling bullet hits Grinder!
Grinder is heavily wounded.
Grinder sighs, "No one appreciates my work."
Grinder barely misses you. You block Grinder's attack.
You shoot a sling bullet.
The sling bullet closely misses Grinder.
You hear the slow rusting of a distant drain.
Grinder closely misses you. Grinder gestures at you.
You suddenly lose the ability to move!
Grinder gestures at you. You resist with significant effort. Grinder hits you!
You writhe in agony.
* * * LOW HITPOINT WARNING * * *
Grinder gestures at you.
You shrug off the repeated paralysis!
You can move again.
Unknown command.
It was a potion of degeneration.
There was something very wrong with that liquid.
You feel weakened.
You feel dopey.
You feel clumsy. Grinder hits you!
* * * LOW HITPOINT WARNING * * *
You writhe in agony.
You die...
Grinder says, "Hey, I wasn't done torturing you yet!"

**,,,,******************,**,* *,,
,,,,,,,,,,,,,,,,,,,,,***,,*,*****
**,,**,*************,,,,,,,,,,,**
**,***,######* *******,***,,,
*,>* *.#.....## ***,****** ,,**
*........## ***#,,,,** ***
*.........# ***...,**,,* *
*.........####...#*****,** *
*.......$)5@...#** ****,,*** **
*........$###### *,,,*,,,*
,*****.........# ********,,,***,*
,,,,,,.........#**,,,,,,,,,,* *,*
******..........**,,,,,,,**,***,*
,,,,,*...........,,,,,,,,,,,,,,,,
****,*............,,,,,,***#.***.
,,,*,*.............,,,,,* ##.###.
**,*,*..............>...###.....^


You could see Grinder.

Vanquished Creatures
  A jelly (D:3)
  An adder (D:2)
  A ribbon worm (D:2)
  4 bats
  3 endoplasms
  A giant cockroach (D:1)
  3 goblins
  4 hobgoblins
  A jackal (D:1)
  2 quokkas (D:1)
  5 ball pythons
  5 frilled lizards
  6 kobolds
  2 rats
39 creatures vanquished.

Notes
Turn   | Place    | Note
-------+----------+-------------------------------------------
     0 | D:1      | Dorkslayer the Octopode Fighter began the quest for the
                  | Orb.
     0 | D:1      | Reached XP level 1. HP: 16/16 MP: 1/1
   161 | D:1      | Reached XP level 2. HP: 17/21 MP: 2/2
  1003 | D:2      | Reached XP level 3. HP: 26/26 MP: 3/3
  1009 | D:2      | Identified a scroll of acquirement
  1009 | D:2      | Acquired 818 gold pieces
  1056 | D:2      | Identified the +2 sling of an ossuary {heavy, ^Fragile
                  | rElec rPois rF+}
  1421 | D:2      | Reached skill level 1 in Stealth
  1555 | D:3      | Found a stormy altar of Qazlal.
  1557 | D:3      | Noticed Grinder
  1571 | D:3      | Reached skill level 1 in Ranged Weapons
  1571 | D:3      | Reached XP level 4. HP: 11/31 MP: 4/4
  1582 | D:3      | Paralysed by Grinder for 4 turns
  1586 | D:3      | HP: 1/31 [Grinder (8)]
  1586 | D:3      | Slain by Grinder

Illustrated notes

Levels and vault maps discovered:
D:1:      minmay_arrival_up_and_down, layout_loops_corners,
          minmay_split_cup_small
D:2:      layout_basic
D:3:      layout_rooms, grunt_qazlal_sundering, gup_sewer_entry_spiral,
          grunt_decor_arrowhead, minmay_misc_feat_iff, minivault_5,
          minmay_lizard_king, uniq_grinder

Skill      XL: |  1  2  3 |
---------------+----------+-----
Stealth        | 1 |  1.2
Ranged Weapons | 1 |  1.5
Fighting       | |  3.4
Dodging        | |  3.2
Shields        | |  3.4
Unarmed Combat | |  2.7
Shapeshifting  | |  0.2

Action                     |  1- 3 |  4- 6 || total
---------------------------+-------+-------++-------
  Melee: Unarmed           |    51 |       ||    51
         Constrict         |    12 |       ||    12
         Tentacles         |     7 |       ||     7
         Punch             |     1 |       ||     1
   Fire: Sling             |    34 |    10 ||    44
    Use: Scroll            |     5 |       ||     5
         Potion            |     2 |     3 ||     5
   Stab: Sleeping          |     4 |       ||     4
 Armour: Skin              |    40 |    10 ||    50
  Dodge: Dodged            |    74 |    15 ||    89
  Block: Buckler           |    28 |     4 ||    32

Table legend: (Time is in decaauts)
 A = Elapsed time spent in this place.
 B = Non-inter-level travel time spent in this place.
 C = Inter-level travel time spent in this place.
 D = Time resting spent in this place.
 E = Time spent auto-exploring this place.
 F = Levels seen in this place.
 G = Mean time per level.
                   A        B        C        D        E       F      G
               +--------+--------+--------+--------+--------+-----+--------+
         Total |   1633 |   1633 |      0 |      0 |   1037 |   3 |  544.3 |
       Dungeon |   1633 |   1633 |      0 |      0 |   1037 |   3 |  544.3 |
               +--------+--------+--------+--------+--------+-----+--------+

Top non-repeatable levels by time:
     D:1: 989 daAuts
     D:2: 589 daAuts
     D:3: 54 daAuts
